[Event "Team 45 45 League T69"]
[Site "Internet Chess Club"]
[Date "2016.06.23"]
[Round "3"]
[White "f5"]
[Black "EndgamesMaster"]
[Result "0-1"]
[WhiteElo "2094"]
[BlackElo "2269"]
[Opening "Petrov: Nimzovich attack"]
[ECO "C42"]
[Time "22:39:37"]
[TimeControl "2700+45"]

1. e4 e5 2. Nf3 Nf6 3. Nxe5 d6 4. Nf3 Nxe4 5. Nc3 Nxc3 6. dxc3 Be7 7. Bf4 O-O 8.
Qd2 Nd7 9. O-O-O Nc5 10. Be3 Re8 11. Bc4 Be6 12. Bxe6 Nxe6 13. h4 Qd7 14. Qd3
Qc6 15. Qf5 Qc4 16. Ng5 Bxg5 17. hxg5 Nf8 18. Kb1 Re5 19. Qf3 Qe4 20. Qxe4 Rxe4
21. Rh3 Rae8 22. Rdh1 b6 23. b3 d5 24. Kb2 c5 25. Bd2 d4 26. cxd4 cxd4 27. f4
Re2 28. Rd3 R8e4 29. g3 Ne6 30. b4 Nc7 31. Rd1 Nd5 32. Kb3 Kf8 33. a4 Ne3 34.
Bxe3 dxe3 35. Rd8+ Re8 36. R8d7 Rg2 37. Rxa7 Rxg3 38. Rdd7 e2+ 39. Kb2 Rh3 40.
Rxf7+ Kg8 41. Rxg7+ Kh8 42. Rge7 e1=Q {White resigns} 0-1

[Event "Team 45 45 League T69"]
[Site "Internet Chess Club"]
[Date "2016.06.24"]
[Round "3"]
[White "jorobo"]
[Black "Colombiano07"]
[Result "1/2-1/2"]
[WhiteElo "2032"]
[BlackElo "1880"]
[Opening "QGD Slav: 4.Nc3"]
[ECO "D15"]
[Time "11:42:28"]
[TimeControl "2700+45"]

1. c4 c6 2. Nc3 d5 3. d4 Nf6 4. Nf3 Bf5 5. cxd5 cxd5 6. Qb3 Qb6 7. Nxd5 Nxd5 8.
Qxd5 e6 9. Qb3 Nc6 10. e3 Nb4 11. Qa4+ Ke7 12. Ne5 Nc2+ 13. Kd1 Qc7 {Game drawn
by mutual agreement} 1/2-1/2

[Event "Team 45 45 League T69"]
[Site "Internet Chess Club"]
[Date "2016.06.28"]
[Round "3"]
[White "Atrophied"]
[Black "Percival"]
[Result "0-1"]
[WhiteElo "1563"]
[BlackElo "2082"]
[Opening "French: Rubinstein variation"]
[ECO "C10"]
[Time "09:09:19"]
[TimeControl "2700+45"]

1. e4 e6 2. d4 d5 3. Nc3 dxe4 4. Nxe4 Nd7 5. Nf3 Ngf6 6. Bd3 c5 7. O-O cxd4 8.
Nxd4 Be7 9. c3 O-O 10. Qe2 a6 11. Bg5 Re8 12. Rad1 Qc7 13. f4 Nxe4 14. Qxe4 Nf8
15. Rf3 Bd7 16. Rg3 Bc6 17. Qe2 Bxg5 18. Rxg5 Qxf4 19. Rg4 Qc7 20. Rf1 Rad8 21.
h4 f5 22. Nxc6 Qxc6 23. Rg3 Qd6 24. Re3 g6 25. h5 e5 26. Bc4+ Kg7 27. Rh3 Ne6
28. hxg6 hxg6 29. Bxe6 Qxe6 30. Qe3 Rh8 31. Rxh8 Kxh8 32. Qh6+ Kg8 33. Rf3 Rd7
34. Rh3 Qf6 35. Rg3 Kf7 36. Rh3 e4 37. Qf4 g5 38. Qb8 Qb6+ 39. Kf1 Qb5+ 40. Ke1
Qd5 41. Rh7+ Kg6 42. Rxd7 Qxd7 43. Qg8+ Kf6 44. Qf8+ Ke5 45. Qc5+ Kf4 46. Qf2+
Kg4 47. Qe2+ Kg3 48. Qf2+ Kg4 49. Qe2+ Kh4 50. g3+ Kxg3 51. Qf2+ Kg4 52. Qe2+
Kh4 53. Qh2+ Kg4 54. Qe2+ Kg3 55. Qf2+ Kh3 56. Qf1+ Kh4 57. Qh1+ Kg4 58. Qg2+
Kh5 59. Qh2+ Kg6 60. Qh8 Qe6 61. Qb8 b5 62. b3 f4 63. c4 bxc4 64. bxc4 Qxc4 65.
Qd6+ Kf5 66. Qf8+ Kg4 67. Qc8+ Qxc8 {White resigns} 0-1

[Event "Team 45 45 League T69"]
[Site "Internet Chess Club"]
[Date "2016.06.25"]
[Round "3"]
[White "nurmi"]
[Black "PoisonPawn"]
[Result "1-0"]
[WhiteElo "2088"]
[BlackElo "2079"]
[Opening "English: Bremen, Smyslov system"]
[ECO "A22"]
[Time "09:08:42"]
[TimeControl "2700+45"]

1. c4 e5 2. Nc3 Nf6 3. g3 Bb4 4. Bg2 O-O 5. Nf3 Nc6 6. O-O e4 7. Ng5 Bxc3 8.
bxc3 Re8 9. f3 e3 10. d3 d5 11. cxd5 Nxd5 12. Ne4 f5 13. c4 Nde7 14. Nc5 f4 15.
Rb1 Nf5 16. gxf4 Qh4 17. Qe1 Qxf4 18. Bh3 Ncd4 19. Bxf5 Bxf5 20. Kh1 b6 21. Ne4
Re6 22. Bb2 Rh6 23. Qg3 Ne6 24. Be5 Qxg3 25. Nxg3 Bh3 26. Rfd1 c5 27. a4 Nd4 28.
Rb2 Re8 29. Bxd4 cxd4 30. Ra1 Rg6 31. Rb5 Ree6 32. a5 Rc6 33. axb6 axb6 34. Ra8+
Kf7 35. Rh5 Rh6 36. Rxh6 gxh6 37. Rh8 Rc5 38. Rxh7+ Kg6 39. Rb7 Ra5 40. Rxb6+
Kf7 41. Rb1 Ra2 42. Re1 Ke7 43. Nh5 Kf7 44. Nf4 Bf5 45. Kg2 Kf6 46. Rb1 Bxd3 47.
Nxd3 Rxe2+ 48. Kg3 Rd2 49. Rb3 Kf5 50. Rb5+ Kf6 51. Nf4 e2 52. Kf2 Rc2 53. Rd5
Rxc4 54. Nxe2 Rc2 55. Rxd4 Kf5 56. h4 Ra2 57. Rd6 h5 58. Rd5+ Kg6 59. Ke3 Ra4
60. Nf4+ Kg7 61. Rg5+ Kh6 62. Rxh5+ Kg7 63. Rb5 Ra3+ 64. Kf2 Ra1 65. Rg5+ Kh6
66. Rg6+ Kh7 67. Rb6 Ra4 68. Kg3 Ra1 69. Kg4 Rg1+ 70. Kh5 Kh8 71. Kh6 Kg8 72.
Rf6 Rh1 73. Ng6 {Black resigns} 1-0

[Event "Team 45 45 League T69"]
[Site "Internet Chess Club"]
[Date "2016.06.26"]
[Round "3"]
[White "kabindra"]
[Black "volodia80"]
[Result "0-1"]
[WhiteElo "1662"]
[BlackElo "1662"]
[Opening "Sicilian: Smith-Morra gambit"]
[ECO "B21"]
[Time "05:02:39"]
[TimeControl "2700+45"]

1. e4 c5 2. d4 cxd4 3. c3 d5 4. exd5 Qxd5 5. cxd4 Nf6 6. Nc3 Qd6 7. Nb5 Qd8 8.
Bf4 Nd5 9. Qc2 Nc6 10. Bd2 a6 11. Nc3 g6 12. Bc4 Bf5 13. Bd3 Ndb4 {White
resigns} 0-1

[Event "Team 45 45 League T69"]
[Site "Internet Chess Club"]
[Date "2016.06.26"]
[Round "3"]
[White "Andaluz"]
[Black "dabodhi"]
[Result "1/2-1/2"]
[WhiteElo "1357"]
[BlackElo "1434"]
[Opening "Sicilian defense"]
[ECO "B30"]
[Time "14:00:42"]
[TimeControl "2700+45"]

1. e4 c5 2. Nf3 Nc6 3. Nc3 d6 4. Be2 g6 5. d3 Bg7 6. O-O Nf6 7. Bf4 Qb6 8. Rb1
Nh5 9. Bd2 Nf6 10. b3 Nd4 11. Nxd4 cxd4 12. Nd5 Nxd5 13. exd5 O-O 14. Qc1 Bd7
15. Bh6 Rac8 16. Bxg7 Kxg7 17. Qd2 Rc5 18. Bf3 Rfc8 19. Rfc1 Qc7 20. Rb2 e6 21.
dxe6 Bxe6 22. g3 {Game drawn by mutual agreement} 1/2-1/2

[Event "Team 45 45 League T69"]
[Site "Internet Chess Club"]
[Date "2016.06.25"]
[Round "3"]
[White "otherook"]
[Black "zepled37"]
[Result "1-0"]
[WhiteElo "1777"]
[BlackElo "1716"]
[Opening "English, 1...Nf6 (Anglo-Indian defense)"]
[ECO "A15"]
[Time "11:05:08"]
[TimeControl "2700+45"]

1. c4 Nf6 2. g3 g6 3. Bg2 d5 4. cxd5 Nxd5 5. Nf3 Bg7 6. O-O O-O 7. Nc3 Nc6 8. d4
Nb6 9. e3 Re8 10. a4 e5 11. dxe5 Nxe5 12. Nxe5 Bxe5 13. Qe2 c6 14. Rd1 Qe7 15.
a5 Nd7 16. a6 Nc5 17. axb7 Bxb7 18. Qc2 a6 19. b4 Ne6 20. Ba3 Qc7 21. Rac1 Rad8
22. Rxd8 Rxd8 23. Na4 Bg7 24. Nc5 Nxc5 25. Qxc5 Bf8 26. Qc3 Bg7 27. Qc2 Bf6 28.
Qc4 Qd7 29. Bxc6 Bxc6 30. Qxc6 Qxc6 31. Rxc6 Rd1+ 32. Kg2 Ra1 33. Rxf6 Rxa3 34.
h4 Kg7 35. Rb6 a5 36. bxa5 Rxa5 37. g4 h6 38. Rb7 Rc5 39. Kg3 Rc1 40. f3 Re1 41.
e4 Rc1 42. e5 Rc6 43. Rd7 Re6 44. Kf4 g5+ 45. hxg5 hxg5+ 46. Kf5 Re8 47. Rd5 Re6
48. Kxg5 Re7 49. f4 Re6 50. Rd6 Re7 51. Kf5 Re8 52. e6 fxe6+ 53. Rxe6 Rf8+ 54.
Kg5 Rf7 55. f5 Ra7 56. f6+ Kf7 57. Re7+ Rxe7 58. fxe7 Kxe7 59. Kg6 Ke6 60. g5
Ke7 61. Kh7 {Black resigns} 1-0

[Event "Team 45 45 League T69"]
[Site "Internet Chess Club"]
[Date "2016.06.25"]
[Round "3"]
[White "crazyhorses"]
[Black "Grenadier"]
[Result "0-1"]
[WhiteElo "1352"]
[BlackElo "1602"]
[Opening "Caro-Kann: two knights variation"]
[ECO "B10"]
[Time "09:06:55"]
[TimeControl "2700+45"]

1. e4 c6 2. Nf3 d5 3. Nc3 d4 4. Ne2 c5 5. Ng3 Nc6 6. Bc4 Bg4 7. h3 Bxf3 8. Qxf3
e6 9. O-O Nf6 10. d3 Be7 11. a3 O-O 12. Ba2 b5 13. Re1 b4 14. e5 Nd5 15. Ne4
Nxe5 16. Qg3 Ng6 17. Bd2 a5 18. axb4 Nxb4 19. Bb3 Qb8 20. Ra4 Qxg3 21. fxg3 Rfb8
22. Rea1 h5 23. Rxa5 Rxa5 24. Rxa5 Nxd3 25. cxd3 Rxb3 26. Nxc5 Bxc5 27. Rxc5
Rxb2 28. Bc1 Rb3 29. Rxh5 Rxd3 30. Ra5 Rd1+ {White resigns} 0-1

[Event "Team 45 45 League T69"]
[Site "Internet Chess Club"]
[Date "2016.06.27"]
[Round "3"]
[White "GoIrish"]
[Black "kingphisch"]
[Result "0-1"]
[WhiteElo "1505"]
[BlackElo "1476"]
[Opening "Réti: King's Indian attack (Barcza system)"]
[ECO "A07"]
[Time "19:06:31"]
[TimeControl "2700+45"]

1. Nf3 d5 2. g3 Bg4 3. Bg2 Nc6 4. O-O e5 5. d3 Qd7 6. e4 d4 7. Nbd2 f6 8. a3 Nh6
9. b4 Bd6 10. Nb3 O-O 11. Bd2 Nf7 12. Qc1 Rac8 13. Nh4 Ne7 14. c3 c5 15. bxc5
Bxc5 16. Nxc5 Rxc5 17. c4 Be2 18. Bb4 Rc7 19. Nf5 Nxf5 20. Bh3 N7d6 21. Bxf5
Nxf5 22. Bxf8 Bxf1 23. Qxf1 Kxf8 24. Qh3 Nd6 25. Qxh7 Qf7 26. Qh8+ Qg8 27. Qh3
g6 28. f4 exf4 29. Qh5 gxh5 {White resigns} 0-1

[Event "Team 45 45 League T69"]
[Site "Internet Chess Club"]
[Date "2016.06.23"]
[Round "3"]
[White "viktory"]
[Black "Lrn2Mate"]
[Result "1-0"]
[WhiteElo "1651"]
[BlackElo "1631"]
[Opening "Old Indian defense"]
[ECO "A53"]
[Time "22:15:09"]
[TimeControl "2700+45"]

1. d4 Nf6 2. c4 d6 3. Nc3 g6 4. e4 c6 5. Bd3 Bg7 6. Nge2 O-O 7. O-O a6 8. d5
cxd5 9. cxd5 Nbd7 10. Be3 Ne5 11. Bc2 Nc4 12. Qc1 Nxe3 13. Qxe3 b5 14. b4 Bb7
15. Rac1 Rc8 16. Bb3 Nd7 17. f4 Re8 18. Kh1 e5 19. dxe6 Rxe6 20. Bxe6 fxe6 21.
Nd4 e5 22. Ne6 exf4 23. Qxf4 Qf6 24. Qxd6 Rxc3 25. Qxd7 Rxc1 26. Rxc1 Qf7 27.
Qxf7+ Kxf7 28. Nd8+ {Black resigns} 1-0

[Event "Team 45 45 League T69"]
[Site "Internet Chess Club"]
[Date "2016.06.26"]
[Round "3"]
[White "tryanything"]
[Black "EFXBT"]
[Result "0-1"]
[WhiteElo "1574"]
[BlackElo "1503"]
[Opening "Queen's pawn, Mason variation"]
[ECO "D00"]
[Time "19:40:52"]
[TimeControl "2700+45"]

1. d4 d5 2. Bf4 e6 3. Nf3 Bd6 4. Bg3 Nf6 5. e3 O-O 6. Bd3 c5 7. c3 c4 8. Bc2 b5
9. Nbd2 Re8 10. Ne5 Qc7 11. f4 Nc6 12. O-O Bb7 13. a3 a6 14. e4 dxe4 15. Nxe4
Nxe4 16. Bxe4 f5 17. Bxc6 Bxc6 18. Qe2 Be4 19. Qf2 Bxe5 20. dxe5 Red8 21. Rfd1
h6 22. Rd4 Rxd4 23. Qxd4 Rd8 24. Qf2 Rd3 25. Qe2 Qd7 26. Be1 a5 27. h3 Bc6 28.
Kh2 Qd5 29. Rc1 Re3 30. Qf2 Qe4 {White resigns} 0-1

[Event "Team 45 45 League T69"]
[Site "Internet Chess Club"]
[Date "2016.06.24"]
[Round "3"]
[White "qingjoshua"]
[Black "Elton2013"]
[Result "1-0"]
[WhiteElo "1725"]
[BlackElo "1774"]
[Opening "Ruy Lopez: Schliemann defense"]
[ECO "C63"]
[Time "12:00:12"]
[TimeControl "2700+45"]

1. e4 e5 2. Nf3 Nc6 3. Bb5 f5 4. exf5 Bc5 5. Bxc6 dxc6 6. Nxe5 Nf6 7. O-O O-O 8.
c3 Bxf5 9. d4 Bb6 10. Qb3+ Qd5 11. Nd2 c5 12. dxc5 Bxc5 13. Ndf3 Rad8 14. Bg5
Kh8 15. Rfe1 h6 16. Bxf6 Rxf6 17. Rad1 Qxb3 18. Rxd8+ Qg8 19. Rxg8+ Kxg8 20. Nd4
Bh7 21. Kf1 g5 22. Rd1 Bd6 23. Ng4 Rf4 24. h3 h5 25. Ne3 Kf7 26. Nb5 Bc5 27. Ke2
c6 28. Nd6+ Bxd6 29. Rxd6 Re4 30. Rd7+ Re7 31. Rxe7+ Kxe7 32. a3 a5 33. Nc4 a4
34. Nb6 Bc2 35. Ke3 Ke6 36. Kd4 Kf5 37. Nc4 Kf4 38. Nd2 b6 39. g3+ Kf5 40. c4
Bd1 41. c5 b5 42. f3 h4 43. gxh4 gxh4 44. Ke3 Bc2 45. f4 Kg6 46. Nf3 Kh5 47. Ng5
Kg6 48. Ne4 Kf5 49. Nd6+ Ke6 50. Kd4 Bb1 51. Ke3 Kd5 52. f5 Kxc5 53. Ne4+ Bxe4
54. Kxe4 Kd6 55. Kf4 c5 56. Kg5 Ke7 57. Kxh4 Kf6 58. Kg4 b4 59. Kf4 bxa3 60.
bxa3 c4 61. Ke4 c3 62. Kd3 c2 63. Kxc2 Kxf5 64. Kc3 Kg5 65. Kb4 Kh4 66. Kxa4
Kxh3 67. Kb5 Kg4 68. Kc6 Kf5 69. a4 Ke6 70. a5 Ke7 71. Kc7 Ke6 72. a6 Kd5 73. a7
Kc5 74. a8=Q Kb5 75. Kd6 Kc4 76. Qa5 Kd4 77. Qd5+ Kc3 78. Qe4 Kb3 79. Qc6 Kb4
80. Qc5+ Kb3 81. Kd5 Kb2 82. Kd4 Kb3 83. Qc3+ Ka2 84. Qb4 Ka1 85. Kc3 Ka2 86.
Qb2# {Black checkmated} 1-0

[Event "Team 45 45 League T69"]
[Site "Internet Chess Club"]
[Date "2016.06.27"]
[Round "3"]
[White "vjbaker"]
[Black "anishio"]
[Result "1-0"]
[WhiteElo "1899"]
[BlackElo "1658"]
[Opening "Ruy Lopez: four knights (Tarrasch) variation"]
[ECO "C77"]
[Time "19:02:53"]
[TimeControl "2700+45"]

1. e4 e5 2. Nf3 Nc6 3. Bb5 a6 4. Ba4 Nf6 5. Nc3 b5 6. Bb3 Bc5 7. d3 h6 8. Nd5
Bb7 9. c3 d6 10. O-O O-O 11. a4 Nxd5 12. Bxd5 Qd7 13. Bd2 Nd8 14. Bxb7 Nxb7 15.
Nh4 Qe6 16. Nf5 Rfe8 17. axb5 a5 18. b4 Bb6 19. c4 Qg6 20. Kh1 Kh7 21. f4 axb4
22. Rxa8 Rxa8 23. Rf3 Qf6 24. Bxb4 g6 25. Bc3 gxf5 26. fxe5 dxe5 27. Rxf5 Qg6
28. Bxe5 Ra2 29. Qf1 Kg8 30. Rf3 Kf8 31. d4 Ra4 32. c5 Ba5 33. Rf6 Qh5 34. g4
Qg5 35. Rxf7+ Ke8 36. Rf8+ Kd7 37. c6+ {Black resigns} 1-0

[Event "Team 45 45 League T69"]
[Site "Internet Chess Club"]
[Date "2016.06.26"]
[Round "3"]
[White "ahxm"]
[Black "ausya"]
[Result "0-1"]
[WhiteElo "1158"]
[BlackElo "1671"]
[Opening "Sicilian: accelerated fianchetto, exchange variation"]
[ECO "B34"]
[Time "20:02:10"]
[TimeControl "2700+45"]

1. e4 c5 2. Nf3 g6 3. d4 cxd4 4. Nxd4 Nc6 5. Nxc6 bxc6 6. Nc3 Bg7 7. Be2 d6 8.
Be3 Nf6 9. f3 O-O 10. O-O Be6 11. Qd2 Qc7 12. a4 d5 13. e5 Qxe5 14. Bd4 Qc7 15.
b4 Nd7 16. Bxg7 Kxg7 17. b5 Qb6+ 18. Kh1 d4 19. Ne4 c5 20. a5 Qc7 21. Rfc1 Qe5
22. c3 Rac8 23. c4 Bf5 24. Bd3 Bxe4 25. Bxe4 Nf6 26. Bd3 Qc7 27. a6 e5 28. Rcb1
Rb8 29. Qa5 Rb6 30. Kg1 Re8 31. Re1 Nd7 32. g3 f5 33. Kg2 Nf6 34. Ra2 Ree6 35.
Rae2 Qe7 36. Qd2 e4 37. fxe4 fxe4 38. Bb1 Rbd6 39. Qf4 d3 40. Re3 Rd4 41. Ba2
Nd7 42. Qc7 Nb6 43. Qxe7+ Rxe7 44. Bb1 d2 45. Rd1 Nxc4 46. Rxe4 Rexe4 47. Bxe4
Rxe4 48. Kf2 Rd4 49. Ke2 Kf6 50. b6 Nxb6 51. Rxd2 Rxd2+ 52. Kxd2 Ke5 53. Kc3 Ke4
54. Kd2 Kd4 55. h3 c4 56. h4 c3+ 57. Kc2 Kc4 58. g4 Nd5 59. h5 Ne3+ 60. Kc1 Nxg4
61. hxg6 hxg6 62. Kc2 Ne3+ 63. Kc1 c2 64. Kd2 Kb3 65. Kc1 g5 66. Kd2 Kb2 {White
resigns} 0-1

[Event "Team 45 45 League T69"]
[Site "Internet Chess Club"]
[Date "2016.06.25"]
[Round "3"]
[White "moodle"]
[Black "arnav07"]
[Result "0-1"]
[WhiteElo "1548"]
[BlackElo "1559"]
[Opening "Four knights: Ranken variation"]
[ECO "C48"]
[Time "18:00:24"]
[TimeControl "2700+45"]

1. e4 e5 2. Nf3 Nc6 3. Nc3 Nf6 4. Bb5 a6 5. Bxc6 dxc6 6. Nxe5 Nxe4 7. Qf3 Nf6 8.
Qe2 Be7 9. O-O O-O 10. d3 Bd6 11. Nc4 Re8 12. Qd1 Bg4 13. f3 Bc5+ 14. Kh1 Bh5
15. Bg5 Be7 16. Qd2 h6 17. Bf4 Bb4 18. Ne5 Nd5 19. Rae1 Nxc3 20. bxc3 Bd6 21.
Rf2 Qf6 22. Rfe2 Re6 23. d4 Rae8 24. Bg3 Qd8 25. Qd1 R8e7 26. Qd3 Qe8 27. Re4 f6
28. Nc4 Bxg3 29. hxg3 Rxe4 30. Rxe4 Rxe4 31. fxe4 Bg6 32. Nd2 Qe6 33. a3 Qa2 34.
Kh2 Qxa3 35. Nc4 Qe7 36. Nd2 Qe6 37. c4 Kf7 38. d5 Qd6 39. Nf3 a5 40. Qd4 Kg8
41. c5 Qe7 42. Nd2 cxd5 43. Qxd5+ Kh7 44. c4 c6 45. Qd4 Qe5 46. Qe3 Qa1 47. Nb3
Qa3 48. Qd3 a4 {White resigns} 0-1

[Event "Team 45 45 League T69"]
[Site "Internet Chess Club"]
[Date "2016.06.23"]
[Round "3"]
[White "idjit"]
[Black "Skeptic1972"]
[Result "1-0"]
[WhiteElo "1549"]
[BlackElo "1546"]
[Opening "French: Albin-Alekhine-Châtard attack"]
[ECO "C13"]
[Time "14:09:48"]
[TimeControl "2700+45"]

1. e4 e6 2. d4 d5 3. Nc3 Nf6 4. Bg5 Be7 5. e5 Nfd7 6. h4 h6 7. Be3 O-O 8. Nf3 a6
9. Qd2 Kh7 10. Bd3+ g6 11. Bxh6 Rg8 12. h5 Nf8 13. hxg6+ fxg6 {Black resigns}
1-0

[Event "Team 45 45 League T69"]
[Site "Internet Chess Club"]
[Date "2016.06.24"]
[Round "3"]
[White "Ajolote"]
[Black "QuieroAprender"]
[Result "0-1"]
[WhiteElo "1692"]
[BlackElo "1589"]
[Opening "Ruy Lopez: 5.O-O"]
[ECO "C78"]
[Time "21:00:52"]
[TimeControl "2700+45"]

1. e4 e5 2. Nf3 Nc6 3. Bb5 a6 4. Ba4 Nf6 5. O-O Qe7 6. d3 b5 7. Bb3 Na5 8. Bg5
Nxb3 9. axb3 h6 10. Bd2 Bb7 11. Nc3 g5 12. g3 d5 13. Re1 d4 14. Na2 c5 15. Qe2
O-O-O 16. Red1 Qc7 17. c3 g4 18. Nh4 c4 19. bxc4 bxc4 20. cxd4 exd4 21. Bf4 Bd6
22. Bxd6 Qxd6 23. Rac1 Kb8 24. Rxc4 Qb6 25. Rdc1 Rhe8 26. Qd2 Rc8 27. Nf5 Rxc4
28. Rxc4 h5 29. Qb4 Qxb4 30. Nxb4 Rd8 31. Nc6+ Bxc6 32. Rxc6 Nd7 33. Rd6 Kc7 34.
Rxd4 Rb8 35. b4 Ne5 36. Rd5 Nf3+ 37. Kg2 Rxb4 38. Nh4 Rd4 39. Ra5 Kb6 40. Ra3
Rxd3 41. Ra4 Kb5 42. Ra1 a5 43. Nxf3 gxf3+ 44. Kf1 a4 45. Ke1 a3 46. h3 Kb4 47.
g4 hxg4 48. hxg4 Kb3 49. Rb1+ Kc2 50. Ra1 Kb2 {White resigns} 0-1

[Event "Team 45 45 League T69"]
[Site "Internet Chess Club"]
[Date "2016.06.26"]
[Round "3"]
[White "bayoumicardio10"]
[Black "Gojira"]
[Result "1-0"]
[WhiteElo "1629"]
[BlackElo "1597"]
[Opening "Sicilian: Grand Prix attack"]
[ECO "B23"]
[Time "17:10:45"]
[TimeControl "2700+45"]

1. e4 c5 2. Nc3 Nc6 3. f4 g6 4. Nf3 Bg7 5. Bb5 Nd4 6. O-O Nxb5 7. Nxb5 d5 8.
exd5 a6 9. Nc3 Nf6 10. d4 Nxd5 11. Nxd5 Qxd5 12. dxc5 Qxc5+ 13. Kh1 Bf5 14. c3
O-O 15. Qe1 Rad8 16. Be3 Qd6 17. Bd4 Be6 18. Bxg7 Kxg7 19. Nd4 Bc4 20. Rf2 f6
21. f5 Rfe8 22. Rd1 Qb6 23. b3 Bf7 24. Re2 Rd6 25. Rxe7 Rxe7 26. Qxe7 Kg8 27.
Qe1 gxf5 28. Nxf5 Rxd1 29. Qxd1 Qa5 30. Qg4+ Bg6 31. Qc4+ Kf8 32. Qc8+ Be8 33.
Nd6 Qe5 34. Qxe8+ Qxe8 35. Nxe8 Kxe8 36. c4 b5 37. cxb5 axb5 38. a3 Kd7 39. g4
Kd6 40. Kg2 Kd5 41. Kf3 Kd4 42. a4 {Black resigns} 1-0

[Event "Team 45 45 League T69"]
[Site "Internet Chess Club"]
[Date "2016.06.26"]
[Round "3"]
[White "Insan996"]
[Black "Zugzwanged"]
[Result "0-1"]
[WhiteElo "1564"]
[BlackElo "1653"]
[Opening "Bogo-Indian defense"]
[ECO "E11"]
[Time "14:03:36"]
[TimeControl "2700+45"]

1. d4 Nf6 2. Nf3 e6 3. c4 Bb4+ 4. Bd2 c5 5. e3 O-O 6. Bd3 b6 7. Bxb4 cxb4 8. O-O
Bb7 9. Nbd2 Nc6 10. Ne4 Nxe4 11. Bxe4 f5 12. Bd3 Ne7 13. Re1 Ng6 14. e4 Nh4 15.
Nd2 Qg5 16. g3 Qxd2 17. gxh4 Qf4 18. Qe2 fxe4 19. Bxe4 Bxe4 20. Qxe4 Qxf2+ 21.
Kh1 Qxb2 22. h5 Qc3 23. Rg1 Qf3+ 24. Qxf3 Rxf3 25. d5 e5 26. Rg3 Raf8 27. Rag1
Rxg3 28. hxg3 Rf2 29. Rg2 Rxg2 30. Kxg2 Kf7 31. Kf3 d6 32. Ke4 Kf6 33. g4 a5
{White resigns} 0-1

[Event "Team 45 45 League T69"]
[Site "Internet Chess Club"]
[Date "2016.06.25"]
[Round "3"]
[White "searchforbobby1"]
[Black "fledermaus"]
[Result "1-0"]
[WhiteElo "1980"]
[BlackElo "1907"]
[Opening "Sicilian: Alapin's variation (2.c3)"]
[ECO "B22"]
[Time "17:07:58"]
[TimeControl "2700+45"]

1. e4 c5 2. c3 d5 3. exd5 Qxd5 4. d4 Nf6 5. Nf3 Bg4 6. Be2 e6 7. h3 Bh5 8. O-O
Nc6 9. Be3 cxd4 10. cxd4 Be7 11. Nc3 Qd6 12. Qb3 O-O 13. a3 a6 14. Rfd1 Rfd8 15.
Rac1 b5 16. g3 Na5 17. Qa2 Rac8 18. Bf4 Qb6 19. g4 Bg6 20. b4 Nc4 21. g5 Nh5 22.
Bh2 Bd6 23. Ne5 Bxe5 24. dxe5 Rxd1+ 25. Nxd1 Qd4 26. Ne3 Nf4 27. Bf1 Qxe5 28. h4
Qe4 29. Nxc4 bxc4 30. Bxf4 Qxf4 31. Rxc4 Qb8 32. Rxc8+ Qxc8 33. Qc4 Qb8 34. Qxa6
h6 35. gxh6 Qf4 36. Qc4 Qf3 37. Qd4 gxh6 38. Qe3 Qg4+ 39. Qg3 Qd1 40. b5 Kh7 41.
b6 Be4 42. Qf4 f5 43. b7 e5 44. Qxe5 Qg4+ 45. Qg3 Bxb7 46. Qxg4 fxg4 47. a4 Kg6
48. Kh2 Kf5 49. Kg3 h5 50. a5 {Black resigns} 1-0

[Event "Team 45 45 League T69"]
[Site "Internet Chess Club"]
[Date "2016.06.23"]
[Round "3"]
[White "modiglani"]
[Black "Monterrey"]
[Result "1-0"]
[WhiteElo "1981"]
[BlackElo "1994"]
[Opening "French: King's Indian attack"]
[ECO "C00"]
[Time "14:03:50"]
[TimeControl "2700+45"]

1. e4 e6 2. d3 d5 3. Nd2 Nf6 4. Ngf3 Nc6 5. e5 Nd7 6. d4 f6 7. Bb5 Be7 8. O-O
O-O 9. Bxc6 bxc6 10. Qe2 c5 11. c3 a5 12. exf6 Rxf6 13. Re1 Ba6 14. Qe3 Bd6 15.
Ne5 cxd4 16. cxd4 c5 17. Nxd7 Qxd7 18. dxc5 Bf4 19. Qa3 Bc7 20. Nf3 Raf8 21. Bg5
Rf5 22. Bh4 d4 23. Rad1 d3 24. Qb3 Rd5 25. Bg3 Rb8 26. Qc3 Bxg3 27. hxg3 Qc6 28.
Ne5 Qb5 29. c6 Qxb2 30. c7 {Black resigns} 1-0

[Event "Team 45 45 League T69"]
[Site "Internet Chess Club"]
[Date "2016.06.26"]
[Round "3"]
[White "chsrules88"]
[Black "PolishRyszard"]
[Result "0-1"]
[WhiteElo "2045"]
[BlackElo "1877"]
[Opening "Robatsch (modern) defense"]
[ECO "B06"]
[Time "14:00:27"]
[TimeControl "2700+45"]

1. e4 g6 2. d4 Bg7 3. Nf3 c5 4. dxc5 Qa5+ 5. c3 Qxc5 6. Bd3 Nf6 7. O-O d6 8. h3
O-O 9. Re1 Nbd7 10. Nbd2 a6 11. Nf1 b6 12. Qe2 Bb7 13. Bf4 e5 14. Bg5 Rfe8 15.
Rad1 d5 16. Ng3 h6 17. Bd2 Qc7 18. Bb1 Nc5 19. exd5 Nxd5 20. Ne4 Nxe4 21. Bxe4
f5 22. Bc2 e4 23. Nh2 Rac8 24. Bb3 Kh7 25. Bxh6 Nxc3 26. bxc3 Bxh6 27. Nf1 Re7
28. c4 f4 29. Qg4 Rce8 30. Rd4 Bc8 31. Qh4 Bf5 32. Nd2 Qc5 33. Rd5 Qb4 34. Re2
Kg7 35. c5 bxc5 36. Nc4 g5 37. Qh5 Bg6 38. Rxg5 Bxg5 39. Qxg5 Qc3 40. Nd6 Qe5
41. Qxe5+ Rxe5 42. Nxe8+ Bxe8 43. g3 fxg3 44. fxg3 Bb5 45. Re3 Bd3 46. Bd1 c4
47. Be2 c3 48. Bd1 c2 49. Bxc2 Bxc2 50. Kf2 Rf5+ 51. Ke2 Bd3+ 52. Kd2 Rf2+ 53.
Kc3 Rxa2 54. g4 Kg6 55. Kd4 Kg5 56. Re1 Kh4 57. Rh1 Rg2 {White resigns} 0-1

[Event "Team 45 45 League T69"]
[Site "Internet Chess Club"]
[Date "2016.06.24"]
[Round "3"]
[White "KBuccleuch"]
[Black "fishhead"]
[Result "1-0"]
[WhiteElo "2004"]
[BlackElo "1739"]
[Opening "King's Indian: fianchetto without c4"]
[ECO "A49"]
[Time "12:03:37"]
[TimeControl "2700+45"]

1. d4 Nf6 2. Nf3 g6 3. g3 Bg7 4. Bg2 d6 5. O-O c6 6. c4 Qc7 7. b4 O-O 8. Bb2
Nbd7 9. Nbd2 e5 10. a4 Re8 11. e3 a5 12. b5 c5 13. dxe5 dxe5 14. Qc2 Nb6 15.
Rfd1 Bf5 16. e4 Bc8 17. Nf1 Nfd7 18. Ne3 Nf8 19. h4 Ne6 20. Nd5 Nxd5 21. cxd5
Nf8 22. d6 Qb6 23. Rac1 Nd7 24. Ba3 f6 25. Qc4+ Kf8 26. Bh3 Qd8 27. Rc3 b6 28.
Ng5 fxg5 29. hxg5 Qxg5 30. Rf3+ Bf6 31. Bc1 Qh5 32. Bg4 Qxg4 33. Bh6# {Black
checkmated} 1-0

[Event "Team 45 45 League T69"]
[Site "Internet Chess Club"]
[Date "2016.06.26"]
[Round "3"]
[White "jorome23"]
[Black "swagnik"]
[Result "1-0"]
[WhiteElo "2275"]
[BlackElo "1866"]
[Opening "Benoni: 6.e4"]
[ECO "A65"]
[Time "11:07:29"]
[TimeControl "2700+45"]

1. d4 Nf6 2. c4 c5 3. d5 e6 4. Nc3 exd5 5. cxd5 d6 6. e4 g6 7. h3 Bg7 8. Bg5 O-O
9. Nf3 a6 10. a4 Nbd7 11. Bd3 Qa5 12. O-O Re8 13. Qc2 Nh5 14. Ne2 Rb8 15. Ra3
Qb4 16. Nc3 Ne5 17. Be2 Nxf3+ 18. Bxf3 Bd7 19. Bxh5 gxh5 20. Bf4 c4 21. a5 b6
22. axb6 Rxb6 23. Rb1 Reb8 24. Qe2 f5 25. Qxh5 fxe4 26. Bh6 Be5 27. Qg5+ Kh8 28.
Nxe4 Rg8 29. Qe7 Rb7 30. Bg5 Be8 31. Bf6+ Bxf6 32. Qxf6+ Rbg7 33. Nxd6 Bg6 34.
Rxa6 c3 35. Rc6 c2 36. Rxc2 Qb8 37. Rbc1 Qf8 38. Qxf8 Rxf8 39. Rc8 Kg8 40. b4
Rd7 41. R1c6 Rxc8 42. Rxc8+ Kg7 43. Rc6 Kf6 44. b5 Bf7 45. Nc4+ Ke7 46. d6+ Kf6
47. Nb6 Rd8 48. d7+ Ke7 49. Rc8 Bg6 50. Nd5+ Kxd7 51. Rxd8+ Kxd8 52. b6 Kc8 53.
Ne7+ Kb7 54. Nxg6 hxg6 55. Kh2 Kxb6 56. Kg3 Kc6 57. Kg4 Kd6 58. Kg5 Ke7 59. Kxg6
Kf8 60. h4 Kg8 61. h5 Kh8 62. g4 Kg8 63. f4 Kh8 64. g5 Kg8 65. f5 Kh8 66. Kf6
Kg8 67. Ke7 Kg7 68. f6+ Kg8 69. f7+ Kh7 70. Ke8 Kh8 71. f8=Q+ Kh7 72. g6# {Black
checkmated} 1-0